 Dungeon Crawl Stone Soup version 0.30-b1-2-g02819fbbbe (webtiles) character file.

Game seed: 16436641514967163260

1241 Ashen the Ogre Mage (level 8, -3/72 (78) HPs)
             Began as an Ogre Air Elementalist on Jan 16, 2024.
             Was an Initiate of Vehumet.
             Slain by a wight
             ... wielding a +2 falchion
              (4 damage)
             ... on level 5 of the Dungeon.
             The game lasted 00:10:16 (6812 turns).

Ashen the Ogre Mage (Ogre Air Elementalist)         Turns: 6812, Time: 00:10:17

HP:   -3/72 (78)    AC:  3    Str: 13    XL:     8   Next: 49%
MP:   2/16          EV: 10    Int: 18    God:    Vehumet [......]
Gold: 156           SH:  0    Dex:  9    Spells: 7/17 levels left

rFire   . . .        v - staff of conjuration
rCold   . . .        (no shield)
rNeg    . . .        a - +0 robe
rPois   .            (helmet restricted)
rElec   .            (no cloak)
rCorr   .            (gloves unavailable)
SInv    .            (boots unavailable)
Will    .....        r - amulet of magic regeneration
Stlth   ++           (no ring)
HPRegen 0.32/turn    (no ring)
MPRegen 0.55/turn

%: no passive effects
@: very slightly contaminated, drained
A: large, unfitting armour, tough skin 1
a: Renounce Religion


You were on level 5 of the Dungeon.
You worshipped Vehumet.
Vehumet was noncommittal.
You visited 2 branches of the dungeon, and saw 7 of its levels.

You collected 272 gold pieces.
You spent 116 gold pieces at shops.

Inventory:

Hand Weapons
 g - a +0 whip
 p - a +2 trident of venom
Armour
 a - a +0 robe (worn)
 u - a +0 tower shield
Magical Staves
 v - a staff of conjuration (weapon)
Jewellery
 k - a ring of ice
 r - an amulet of magic regeneration (around neck)
 A - a ring of fire
Wands
 j - a wand of mindburst (21)
Scrolls
 e - 2 scrolls of fog {unknown}
 f - a scroll of vulnerability {unknown}
 h - 2 scrolls of brand weapon {unknown}
 i - 6 scrolls of identify {unknown}
 l - 2 scrolls of noise {unknown}
 o - a scroll of magic mapping {unknown}
 q - 3 scrolls of teleportation {unknown}
 t - a scroll of poison {unknown}
 w - a scroll of fear {unknown}
 x - a scroll of amnesia {unknown}
 y - a scroll of butterflies {unknown}
 B - 2 scrolls of blinking {unknown}
Potions
 b - 5 potions of magic
 c - 2 potions of mutation {unknown}
 d - a potion of heal wounds {unknown}
 m - a potion of degeneration {unknown}
 n - 4 potions of curing {unknown}
 s - a potion of berserk rage {unknown}
 z - a potion of haste {unknown}
 C - a potion of flight {unknown}


   Skills:
 + Level 4.1 Fighting
 + Level 2.2 Maces & Flails
 + Level 3.3 Dodging
 - Level 3.0 Stealth
 * Level 5.3 Spellcasting
 * Level 4.0 Conjurations
 * Level 4.8 Air Magic


You had 7 spell levels left.
You knew the following spells:

 Your Spells              Type           Power      Damage    Failure   Level
a - Shock                 Conj/Air       100%       1d9       1%          1
b - Static Discharge      Conj/Air       62%        2-5/arc   3%          2
c - Swiftness             Air            22%        N/A       5%          3
d - Airstrike             Air            11%        2d(2-18)  19%         4

Your spell library contained the following spells:

 Spells                   Type           Power      Damage    Failure   Level
 Scorch                   Fire           8%         2d5       19%         2
 Flame Wave               Conj/Fire      18%        2d7       50%         4
 Summon Cactus Giant      Summ           2%         N/A       100%        6


Dungeon Overview and Level Annotations

Branches:
Dungeon (6/15)             Temple (1/1) D:6

Altars:
Ashenzari
Cheibriados
Dithmenos
Elyvilon
Fedhas
Gozag
Hepliaklqana
Kikubaaqudgha
Nemelex Xobeh
Okawaru
Qazlal
Ru
Trog
Uskayaw
Vehumet
Wu Jian
Xom
Yredelemnul
Zin
The Shining One

Shops:
D:3 *   D:4 [

Annotations:
D:6 1 transporter


Innate Abilities, Weirdness & Mutations

You are too large for most types of armour.
You have tough skin. (AC +1)


Message History

Casting: Airstrike (dangerous; 19% risk of failure)
Confirm with . or Enter, or press ? or * to list all spells.
Aiming: Airstrike (dangerous; 19% risk of failure)
Press: ? - help, Dir - move target, f/p - wight
Aim: a wight, wielding a +0 spear and wearing a +0 robe (heavily damaged, empty space bonus: 3/8)
The air twists around and strikes the wight.
The wight is severely damaged.
The wight misses you. The wight barely misses you.
Casting: Airstrike (dangerous; 19% risk of failure)
Confirm with . or Enter, or press ? or * to list all spells.
Aiming: Airstrike (dangerous; 19% risk of failure)
Press: ? - help, Dir - move target, f/p - wight
Aim: a wight, wielding a +0 spear and wearing a +0 robe (severely damaged, empty space bonus: 3/8)
The air twists around and strikes the wight!
You destroy the wight!
Vehumet accepts your kill. The wight barely misses you.
Your Conjurations skill increases to level 4!
Casting: Airstrike (dangerous; 19% risk of failure)
Confirm with . or Enter, or press ? or * to list all spells.
You don't have enough magic to cast this spell.
Things that are here:
a +0 spear; a +0 robe The wight attacks as you move away!
The wight hits you with a +2 falchion! The wight attacks as you move away!
The wight hits you with a +2 falchion. The wight attacks as you move away!
The wight hits you with a +2 falchion.
* * * LOW HITPOINT WARNING * * *
Casting: Airstrike (dangerous; 19% risk of failure)
Confirm with . or Enter, or press ? or * to list all spells.
Aiming: Airstrike (dangerous; 19% risk of failure)
Press: ? - help, Dir - move target, f - wight
Aim: a wight, wielding a +2 falchion and wearing a +0 robe (empty space bonus: 1/8)
You miscast Airstrike.
You are very lightly contaminated with residual magic.
There is a short, sharp shower of sparks!
* * * LOW HITPOINT WARNING * * *
The wight hits you with a +2 falchion!
* * * LOW HITPOINT WARNING * * *
You feel drained.
You die...

#.#
#.#########
#.# #.# #.#
#.# #.# #.#
#.# #.# #.#
#.# #.# #.#
#.#########>#
#...@z....).#
###########.#
###


You could see a wight.

Vanquished Creatures
  A water moccasin (D:6)
  An orc warrior (D:6)
  A sky beast (D:6)
  A black bear (D:5)
  A scorpion (D:4)
  3 wights
  9 hounds
  2 jellies
  2 iguanas (D:5)
  2 orc wizards
  2 sleepcaps
  5 adders
  2 white imps (D:5)
  2 worms (D:2)
  3 dart slugs
  8 orcs
  5 ball pythons
  4 bats
  7 endoplasms
  4 giant cockroaches
  7 goblins
  8 hobgoblins
  4 jackals (D:2)
  6 quokkas
  5 frilled lizards
  9 kobolds
  3 rats
107 creatures vanquished.

Vanquished Creatures (others)
  2 plants (D:3)
2 creatures vanquished.

Grand Total: 109 creatures vanquished

Notes
Turn   | Place    | Note
-------+----------+-------------------------------------------
     0 | D:1      | Ashen the Ogre Air Elementalist began the quest for the
                  | Orb.
     0 | D:1      | Reached XP level 1. HP: 16/16 MP: 3/3
   300 | D:1      | Reached skill level 1 in Conjurations
   430 | D:1      | Reached XP level 2. HP: 26/26 MP: 1/5
   776 | D:1      | Reached skill level 1 in Fighting
  1353 | D:2      | Reached XP level 3. HP: 33/33 MP: 4/7
  2199 | D:2      | Reached skill level 3 in Spellcasting
  2205 | D:2      | Reached XP level 4. HP: 15/41 MP: 0/8
  3100 | D:3      | Found Boipn's Assorted Antiques.
  3108 | D:3      | Bought a scroll labelled SUNEPPACRA for 29 gold pieces
  3108 | D:3      | Bought a scroll labelled ONOIGG QOWEI for 29 gold pieces
  3108 | D:3      | Bought a scroll labelled HAGGUNN WYPH for 29 gold pieces
  3108 | D:3      | Bought a scroll labelled ONOIGG QOWEI for 29 gold pieces
  3712 | D:3      | Reached XP level 5. HP: 33/49 MP: 8/10
  3892 | D:4      | Reached XP level 6. HP: 39/59 MP: 3/11
  3959 | D:4      | Found a basalt altar of Yredelemnul.
  3959 | D:4      | Found a bloodstained altar of Trog.
  3965 | D:4      | Found a hazy altar of Hepliaklqana.
  3965 | D:4      | Found a white marble altar of Elyvilon.
  4109 | D:4      | Found Mioh's Armour Shoppe.
  4154 | D:4      | Reached skill level 1 in Maces & Flails
  4777 | D:5      | Entered Level 5 of the Dungeon
  4787 | D:5      | Reached skill level 4 in Spellcasting
  4991 | D:5      | Reached XP level 7. HP: 52/66 MP: 13/13
  5817 | D:5      | Found a glowing golden altar of the Shining One.
  6624 | D:6      | Found a transporter.
  6651 | D:6      | Reached XP level 8. HP: 69/75 MP: 9/15
  6653 | D:6      | Found a staircase to the Ecumenical Temple.
  6663 | Temple   | Entered the Ecumenical Temple
  6670 | Temple   | Became a worshipper of Vehumet
  6674 | Temple   | Learned a level 2 spell: Static Discharge
  6678 | Temple   | Learned a level 3 spell: Swiftness
  6683 | Temple   | Learned a level 4 spell: Airstrike
  6702 | D:6      | Reached skill level 5 in Spellcasting
  6812 | D:5      | HP: 1/74 [wight/+2 falchion (12)]
  6812 | D:5      | Slain by a wight

Illustrated notes

Levels and vault maps discovered:
D:1:      spicycebolla_arrival_ecumenical, layout_loops_corners
D:2:      minmay_kobold_bridge, layout_loops_ring, grunt_ministairs_1
D:3:      cheibrodos_old_hovel, layout_loops_ring, serial_shops, shop,
          chequers_decorated_corner, minivault_11
D:4:      layout_loops_ring, grunt_temple_overflow_open, serial_shops,
          shop_fountains, roderic_roman_lattice, nrook_loot_triangle
D:5:      layout_basic, lemuel_doored_altar
D:6:      gammafunk_cloud_chamber, layout_rooms,
          gammafunk_temple_overflow_pools, minmay_temple_entry_junction
Temple:   nicolae_temple_no_exploring_needed

Skill      XL: |  1  2  3  4  5  6  7  8 |
---------------+-------------------------+-----
Conjurations   | 1 2 3 4 |  4.0
Fighting       | 1 2 3 4 |  4.1
Dodging        | 2 3 |  3.3
Spellcasting   | 3 4 5 |  5.3
Air Magic      | 3 4 |  4.8
Stealth        | 2 3 |  3.0
Maces & Flails | 1 2 |  2.2

Action                     |  1- 3 |  4- 6 |  7- 9 || total
---------------------------+-------+-------+-------++-------
  Melee: Unarmed           |    23 |       |       ||    23
         Whip              |    15 |       |       ||    15
         Trident           |       |    99 |    55 ||   154
         Punch             |       |     1 |       ||     1
   Cast: Shock             |   102 |    53 |    21 ||   176
         Airstrike         |       |       |    14 ||    14
  Evoke: Wand              |     1 |       |       ||     1
   Stab: Sleeping          |       |     2 |     2 ||     4
 Armour: Robe              |     9 |    30 |    11 ||    50
  Dodge: Dodged            |    13 |    63 |    32 ||   108
